 Dungeon Crawl Stone Soup version 0.27.0-1-g7a089689b8 (webtiles) character file.

Game seed: 6369824627293194876

70 sasquatch the Insei (level 3, 0/27 HPs)
             Began as a Demigod Transmuter on Aug 6, 2021.
             Slain by a kobold (4 damage)
             ... in a sewer.
             The game lasted 00:04:51 (2651 turns).

sasquatch the Insei (Demigod Transmuter)            Turns: 2651, Time: 00:04:51

Health: 0/27       AC:  2    Str: 11    XL:     3   Next: 77%
Magic:  5/8        EV: 12    Int: 15    God:
Gold:   65         SH:  0    Dex: 18    Spells: 2/5 levels left

rFire    . . .     SeeInvis .     - Unarmed
rCold    . . .     Faith    .   (no shield)
rNeg     . . .     Spirit   .   a - +0 robe
rPois    .         Reflect  .   (helmet currently unavailable)
rElec    .         Harm     .   (no cloak)
rCorr    .         Rampage  .   (no gloves)
Will     .....                  (boots currently unavailable)
Stlth    ++........             (no amulet)
HPRegen  0.09/turn              (no ring)
MPRegen  0.11/turn              (no ring)

@: lethally poisoned (0 -> -8), appendages, wereblooded, hasted, very quick
A: horns 2, talons 2, high mp 1, forlorn
a: End Transformation


You were in a sewer.
You had temporarily grown beastly horns and talons.
You visited 1 branch of the dungeon, and saw 3 of its levels.
You also visited: Sewer.

You collected 65 gold pieces.

Inventory:

Missiles
 h - 6 poisoned darts
Armour
 a - a +0 robe (worn)
 c - a +0 buckler
Scrolls
 b - 2 scrolls of identify {unknown}
 g - a scroll of immolation {unknown}
Potions
 d - 3 potions of haste
 e - 2 potions of lignification {unknown}
 f - a potion of brilliance {unknown}
 i - a potion of magic {unknown}
 j - 2 potions of mutation {unknown}


   Skills:
 - Level 0.8 Fighting
 - Level 1.7 Dodging
 + Level 3.6 Unarmed Combat
 - Level 1.7 Spellcasting
 + Level 3.0 Transmutations


You had 2 spell levels left.
You knew the following spells:

 Your Spells              Type           Power      Damage    Failure   Level
a - Beastly Appendage     Tmut           20%        N/A       6%          1
b - Wereblood             Tmut           10%        N/A       10%         2

Your spell library contained the following spells:

 Spells                   Type           Power      Damage    Failure   Level
 Spider Form              Tmut/Pois      2%         N/A       36%         3
 Ice Form                 Ice/Tmut       5%         N/A       77%         4


Dungeon Overview and Level Annotations

Branches:
Dungeon (3/15)              Sewer (1/1)


Innate Abilities, Weirdness & Mutations

You have temporarily grown beastly horns and talons.
Your attributes grow dramatically as you level up.
You have an increased reservoir of magic. (+10% MP)
You shall have no god before yourself.


Message History

Your primal bloodlust has ended.
You enter the shallow water.
Moving in this stuff is going to be slow.
You open the large door. 4 kobolds and a kobold brigand come into view.
A kobold is wielding a +1 dagger of venom.
The kobold brigand is wielding a +0 whip and quivering poisoned darts.
The kobold shouts! x3; The kobold brigand shouts!
The kobold shouts!
Found four items.
Found a gate leading back out of this place.
Casting: Beastly Appendage (safe; 6% risk of failure)
Press: ? - help, Q - select action, (/) - cycle Dir - look around, f - activate You grow a pair of large bovine horns.
Your feet morph into talons.
Casting: Beastly Appendage (safe; 6% risk of failure)
Confirm with . or Enter, or press ? or * to list all spells.
Your blood is infused with primal strength.
You barely miss the kobold brigand. Your kick misses the kobold brigand.
You barely miss the kobold brigand. Your kick misses the kobold brigand.
The kobold brigand hits you with a +0 whip.
You hit the kobold brigand.
The kobold brigand is lightly wounded.
The kobold brigand barely misses you.
You barely miss the kobold brigand. Your kick misses the kobold brigand.
Your punch misses the kobold brigand.
The kobold brigand is lightly wounded.
The kobold barely misses you.
The kobold brigand hits you with a +0 whip.
The kobold hits you with a +1 dagger of venom.
You are poisoned.
You completely miss the kobold. Your kick misses the kobold.
You feel very sick. The kobold barely misses you.
The kobold brigand hits you with a +0 whip!
* * * LOW HITPOINT WARNING * * *
Unknown command.
It was a potion of haste.
You feel yourself speed up.
* * * LOW HITPOINT WARNING * * *
You feel very sick. The kobold closely misses you.
The kobold hits you with a +0 short sword.
You die...

###### ###### #...?#
#....# #..∩.# #.∩..#
#?...# ###....#
?K!.#≈≈≈#..).#
###KK##≈≈≈##)'##
#.@K≈≈≈≈≈≈#≈≈..###
#.KP≈P#≈≈≈#≈≈≈...#
#..P≈≈#≈≈≈#≈.≈..P##
#..≈≈≈#≈≈≈#.......#
#.....#≈≈≈#P......#
#....P#≈≈≈#≈......#
##....#≈≈≈#≈≈P....#
##..≈≈#≈≈≈#≈≈≈.....
###...≈≈#≈≈≈≈≈≈≈.....


You could see a kobold brigand and 4 kobolds.

Vanquished Creatures
  2 worms (D:3)
  2 dart slugs
  4 endoplasms
  A giant cockroach (D:1)
  2 goblins (D:2)
  2 hobgoblins (D:2)
  8 jackals (D:1)
  4 ball pythons
  8 bats
  6 frilled lizards
  10 kobolds
  10 rats
59 creatures vanquished.

Vanquished Creatures (others)
  A plant (Sewer)
1 creature vanquished.

Grand Total: 60 creatures vanquished

Notes
Turn   | Place    | Note
-------+----------+-------------------------------------------
     0 | D:1      | sasquatch the Demigod Transmuter began the quest for the
                  | Orb.
     0 | D:1      | Reached XP level 1. HP: 15/15 MP: 5/5
   631 | D:1      | Reached XP level 2. HP: 19/22 MP: 5/7
   634 | D:1      | Learned a level 2 spell: Wereblood
  1753 | D:2      | Reached XP level 3. HP: 24/27 MP: 8/8
  1972 | D:2      | You fall into a shaft and drop 1 floor!
  2126 | D:3      | Found a glowing drain.
  2303 | Sewer    | Entered a sewer
  2642 | Sewer    | Noticed a kobold brigand
  2651 | Sewer    | Slain by a kobold

Illustrated notes

Levels and vault maps discovered:
D:1:      giann_forest_graveyard, layout_basic,
          shapermc_ecumenical_altar_mp_vishouse, serial_curves, eino_curves_04,
          eino_curves_04
D:2:      layout_basic
D:3:      layout_loops_corners, cheibrodos_sewer_entry_drain
Sewer:    kennysheep_pipe_town

Skill      XL: |  1  2  3 |
---------------+----------+-----
Transmutations | 2 3 |  3.0
Unarmed Combat | 3 |  3.6
Fighting       | |  0.8
Dodging        | |  1.7
Spellcasting   | |  1.7

Action                   || total
-------------------------++-------
Melee: Unarmed           ||   149
       Kick              ||    21
       Headbutt          ||    12
       Punch             ||     2
 Cast: Beastly Appendage ||    31
       Wereblood         ||     7
  Use: Potion            ||     1
 Stab: Sleeping          ||     2
Armor: Robe              ||    30
Dodge: Dodged            ||    97
